 Dungeon Crawl Stone Soup version 0.21.1-1-g345015f (webtiles) character file.

1296 tidbits the Firebug (level 8, -1/58 HPs)
             Began as a Gnoll Fire Elementalist on Feb 19, 2018.
             Was an Initiate of Cheibriados.
             Slain by a phantom (4 damage)
             ... on level 8 of the Dungeon.
             The game lasted 00:14:31 (1437 turns).

tidbits the Firebug (Gnoll Fire Elementalist)       Turns: 1437, Time: 00:14:31

Health: -1/58      AC:  7    Str: 11    XL:     8   Next: 56%
Magic:  4/17       EV: 16    Int: 21    God:    Cheibriados [......]
Gold:   114        SH:  0    Dex: 17    Spells: 6/19 levels left

rFire    . . .     SeeInvis .   m - +0 war axe
rCold    . . .     Gourm    .   (no shield)
rNeg     . . .     Faith    .   B - +0 robe
rPois    .         Spirit   .   E - +1 hat
rElec    .         Reflect  .   C - +2 cloak
rCorr    .         Harm     .   (no gloves)
MR       .....                  F - +0 pair of boots {Fly}
Stlth    +++.......             (no amulet)
HPRegen  0.19/turn              v - ring of flight
MPRegen  0.15/turn              (no ring)

@: flying, very slow
A: distributed training, fangs 1, strong nose
a: Bend Time, Renounce Religion, Stop Flying


You were on level 8 of the Dungeon.
You worshipped Cheibriados.
Cheibriados was noncommittal.
You were full.

You visited 2 branches of the dungeon, and saw 9 of its levels.

You collected 114 gold pieces.

Inventory:

Hand Weapons
 a - a +1 dagger of draining
   (You took it off a goblin on level 2 of the Dungeon)
 d - a +0 hunting sling
 m - a +0 war axe (weapon)
 n - a +0 hunting sling
Missiles
 h - 33 arrows
 j - 88 stones
 k - 17 bolts
 q - 3 javelins (quivered)
 t - 2 tomahawks
Armour
 B - a +0 robe (worn)
 C - a +2 cloak (worn)
 E - a +1 hat (worn)
 F - a +0 pair of boots of flying (worn)
   (You found it on level 1 of the Dungeon)
Jewellery
 v - a ring of flight (left hand)
   (You found it on level 7 of the Dungeon)
Wands
 g - a wand of acid (3)
 p - a wand of paralysis (1)
Scrolls
 e - 3 scrolls of fear
 f - a scroll of amnesia
 l - 3 scrolls of teleportation
 r - 2 scrolls of remove curse
 s - a scroll of fog {unknown}
 u - 2 scrolls of enchant armour {unknown}
Potions
 i - a potion of curing
Books
 b - a book of Flames

   Spells                             Type                      Level
   a - Flame Tongue                   Conjuration/Fire             1
   b - Throw Flame                    Conjuration/Fire             2
   c - Conjure Flame                  Conjuration/Fire             3
   d - Inner Flame                    Hexes/Fire                   3
   e - Sticky Flame                   Conjuration/Fire             4
   f - Fireball                       Conjuration/Fire             5
 o - a book of Minor Magic
   (You found it on level 5 of the Dungeon)

   Spells                             Type                      Level
   a - Magic Dart                     Conjuration                  1
   b - Blink                          Translocation                2
   c - Call Imp                       Summoning                    2
   d - Slow                           Hexes                        2
   e - Conjure Flame                  Conjuration/Fire             3
   f - Mephitic Cloud                 Conjuration/Poison/Air       3
Comestibles
 c - 12 rations


   Skills:
 + Level 3.3 Fighting
 + Level 3.3 Short Blades
 + Level 3.3 Long Blades
 + Level 3.3 Axes
 + Level 3.3 Maces & Flails
 + Level 3.3 Polearms
 + Level 3.3 Staves
 + Level 3.3 Slings
 + Level 3.3 Bows
 + Level 3.3 Crossbows
 + Level 3.3 Throwing
 + Level 3.3 Armour
 + Level 5.7 Dodging
 + Level 5.4 Stealth
 + Level 3.3 Shields
 + Level 3.3 Unarmed Combat
 + Level 6.0 Spellcasting
 + Level 3.5 Conjurations
 + Level 2.7 Hexes
 + Level 2.7 Charms
 + Level 2.7 Summonings
 + Level 2.7 Necromancy
 + Level 2.7 Translocations
 + Level 2.7 Transmutations
 + Level 6.1 Fire Magic
 + Level 2.7 Ice Magic
 + Level 2.7 Air Magic
 + Level 2.7 Earth Magic
 + Level 2.7 Poison Magic
 + Level 3.6 Invocations
 + Level 3.3 Evocations


You had 6 spell levels left.
You knew the following spells:

 Your Spells              Type           Power        Failure   Level  Hunger
a - Flame Tongue          Conj/Fire      ####.        1%          1    None
c - Conjure Flame         Conj/Fire      ####....     4%          3    ##.....
f - Fireball              Conj/Fire      ####......   36%         5    #####..
t - Sticky Flame          Conj/Fire      ####....     13%         4    ####...


Dungeon Overview and Level Annotations

Branches:
Dungeon (8/15)             Temple (1/1) D:5
   Lair: D:8-11

Altars:
Ashenzari
Cheibriados
Dithmenos
Elyvilon
Fedhas
Gozag
Kikubaaqudgha
Nemelex Xobeh
Okawaru
Wu Jian
The Shining One

Shops:
D:4 :


Innate Abilities, Weirdness & Mutations

Your experience applies equally to all skills.
You have very sharp teeth.
Your uncanny sense of smell can sniff out nearby items.


Message History

l - 3 scrolls of teleportation (gained 1)
The phantom completely misses you.
Casting: Flame Tongue
Confirm with . or Enter, or press ? or * to list all spells.
Aiming: Sticky Flame
Press: ? - help, Shift-Dir - straight line, f - phantom
Aim: a phantom The sticky flame hits the phantom.
The phantom is lightly damaged.
The orc wizard gestures wildly while chanting.
The orc wizard flickers and vanishes!
The phantom closely misses you.
You hit the phantom but do no damage.
The phantom is lightly damaged.
The phantom hits you.
You hit the phantom.
The phantom is lightly damaged.
Casting: Sticky Flame
Confirm with . or Enter, or press ? or * to list all spells.
Aiming: Sticky Flame
Press: ? - help, Shift-Dir - straight line, p - phantom The sticky flame hits something.
The orc wizard is covered in liquid flames!
The orc wizard burns!
The phantom completely misses you.
Unknown command.
You barely miss the orc wizard.
The orc wizard is heavily wounded.
The orc wizard burns!
The phantom hits you. The orc warrior barely misses you.
The orc wizard hits you but does no damage.
You hit the orc wizard.
You kill the orc wizard!
Cheibriados appreciates the change of pace.
The phantom hits you but does no damage.
The orc warrior closely misses you.
An orc priest comes into view. It is wielding a mace.
The phantom barely misses you.
The orc warrior hits you from afar with a halberd!
Things that are here:
a dagger; a robe; an orc corpse The phantom hits you but does no damage.
The orc warrior closely misses you. The phantom hits you.
The phantom blinks!
Unknown command.
Casting: Sticky Flame
Confirm with . or Enter, or press ? or * to list all spells.
Aiming: Sticky Flame
Press: ? - help, Shift-Dir - straight line, f - orc warrior
Aim: an orc warrior, wielding a halberd and wearing a plate armour The sticky flame hits the orc warrior.
The orc warrior is lightly wounded.
The orc warrior is covered in liquid flames!
The orc warrior burns!
The orc warrior misses you.
You hit the orc warrior. You drain the orc warrior!
The orc warrior is heavily wounded.
The orc priest calls down the wrath of Beogh upon you.
Beogh smites you!
* * * LOW HITPOINT WARNING * * *
You hit the orc warrior but do no damage.
The orc warrior is heavily wounded.
The orc warrior burns!
Casting: Sticky Flame
Confirm with . or Enter, or press ? or * to list all spells.
Aiming: Sticky Flame
Press: ? - help, Shift-Dir - straight line, f - orc priest, p - orc warrior
Aim: an orc priest, wielding a mace and wearing a leather armour The sticky flame hits the orc priest.
The orc priest is heavily wounded.
The orc priest is covered in liquid flames!
The orc warrior burns!
The orc priest burns!
The orc warrior hits you with a halberd!
* * * LOW HITPOINT WARNING * * *
You feel better.
The orc warrior burns!
You kill the orc warrior!
Cheibriados appreciates the change of pace.
The orc priest burns!
You kill the orc priest!
Cheibriados appreciates the change of pace.
Unknown command.
Wield which item (- for none, * to show all)? (? for menu, Esc to quit)
m - a +0 war axe (weapon)
The phantom hits you!
* * * LOW HITPOINT WARNING * * *
You hit the phantom. Your bite misses the phantom.
The phantom is lightly damaged.
The phantom misses you.
You hit the phantom.
The phantom is moderately damaged.
The phantom misses you. The phantom hits you.
* * * LOW HITPOINT WARNING * * *
You barely miss the phantom. You bite the phantom, but do no damage.
The phantom is moderately damaged.
The phantom barely misses you.
You barely miss the phantom.
The phantom is moderately damaged.
The phantom hits you but does no damage.
You slash the phantom!
The phantom is heavily damaged.
The phantom completely misses you. x2
You hit the phantom. You bite the phantom, but do no damage.
The phantom is heavily damaged.
The phantom hits you.
You die...

.... ### #... ..#
#..# # #.# #..# #.
#.# #..# #.
##.####..# #..
#........#
####..##.†###...#
......)@..##.#.#.##
####..#W).#.##.##.#
#.
#...#..#.#.#######
# #...#
#...........
#........#########
#.#.#.#### ....#.#
##.### # #.#
#.##########


You could see a phantom.

Vanquished Creatures
  A hippogriff (D:7)
  2 sky beasts (D:5)
  An orc warrior (D:8)
  The ghost of shakethe the Ogre Mage, an amateur OgFE (D:3)
  An ice beast (D:5)
  An ogre (D:5)
  A scorpion (D:4)
  A crimson imp (D:8)
  2 orc priests
  A centaur skeleton (D:3)
  2 gnoll shamans
  Ijyb (D:2)
  2 iguanas
  An orc wizard (D:8)
  3 worker ants
  A hound skeleton (D:4)
  A howler monkey zombie (D:7)
  4 gnolls
  5 adders
  An adder skeleton (D:5)
  A worm (D:5)
  3 dart slugs
  3 leopard geckos
  11 orcs
  A giant cockroach (D:3)
  8 goblins (D:2)
  3 hobgoblins
  6 jackals
  4 quokkas
  2 ball pythons
  3 frilled lizards
  A leopard gecko skeleton (D:4)
  A quokka zombie (D:5)
  A rat (D:3)
81 creatures vanquished.

Notes
Turn   | Place    | Note
-------+----------+-------------------------------------------
     0 | D:1      | tidbits the Gnoll Fire Elementalist began the quest for the Orb.
     0 | D:1      | Reached XP level 1. HP: 13/13 MP: 6/6
    66 | D:2      | Reached skill level 2 in Conjurations
    94 | D:2      | Noticed Ijyb
   105 | D:2      | Reached XP level 2. HP: 19/19 MP: 4/7
   119 | D:2      | Killed Ijyb
   119 | D:2      | Reached skill level 5 in Spellcasting
   119 | D:2      | Reached XP level 3. HP: 21/25 MP: 0/9
   172 | D:2      | Reached skill level 1 in Invocations
   220 | D:2      | Reached skill level 1 in Fighting
   220 | D:2      | Reached skill level 1 in Short Blades
   220 | D:2      | Reached skill level 1 in Long Blades
   220 | D:2      | Reached skill level 1 in Axes
   220 | D:2      | Reached skill level 1 in Maces & Flails
   220 | D:2      | Reached skill level 1 in Polearms
   220 | D:2      | Reached skill level 1 in Staves
   220 | D:2      | Reached skill level 1 in Slings
   220 | D:2      | Reached skill level 1 in Bows
   220 | D:2      | Reached skill level 1 in Crossbows
   220 | D:2      | Reached skill level 1 in Throwing
   220 | D:2      | Reached skill level 1 in Armour
   220 | D:2      | Reached skill level 1 in Shields
   220 | D:2      | Reached skill level 1 in Unarmed Combat
   220 | D:2      | Reached skill level 1 in Evocations
   220 | D:2      | Reached XP level 4. HP: 29/32 MP: 1/11
   291 | D:3      | Noticed shakethe's ghost (amateur OgFE)
   323 | D:3      | Killed shakethe's ghost
   323 | D:3      | Reached skill level 1 in Hexes
   323 | D:3      | Reached skill level 1 in Charms
   323 | D:3      | Reached skill level 1 in Summonings
   323 | D:3      | Reached skill level 1 in Necromancy
   323 | D:3      | Reached skill level 1 in Translocations
   323 | D:3      | Reached skill level 1 in Transmutations
   323 | D:3      | Reached skill level 1 in Ice Magic
   323 | D:3      | Reached skill level 1 in Air Magic
   323 | D:3      | Reached skill level 1 in Earth Magic
   323 | D:3      | Reached skill level 1 in Poison Magic
   323 | D:3      | Reached XP level 5. HP: 33/37 MP: 12/12
   328 | D:3      | Learned a level 3 spell: Conjure Flame
   333 | D:3      | Learned a level 4 spell: Sticky Flame
   339 | D:3      | Learned a level 5 spell: Fireball
   426 | D:4      | Reached XP level 6. HP: 24/44 MP: 13/13
   446 | D:4      | Found Nufowk's Book Boutique.
   454 | D:4      | Reached skill level 2 in Invocations
   548 | D:4      | Reached skill level 5 in Dodging
   564 | D:4      | Reached skill level 2 in Fighting
   564 | D:4      | Reached skill level 2 in Short Blades
   564 | D:4      | Reached skill level 2 in Long Blades
   564 | D:4      | Reached skill level 2 in Axes
   564 | D:4      | Reached skill level 2 in Maces & Flails
   564 | D:4      | Reached skill level 2 in Polearms
   564 | D:4      | Reached skill level 2 in Staves
   564 | D:4      | Reached skill level 2 in Slings
   564 | D:4      | Reached skill level 2 in Bows
   564 | D:4      | Reached skill level 2 in Crossbows
   564 | D:4      | Reached skill level 2 in Throwing
   564 | D:4      | Reached skill level 2 in Armour
   564 | D:4      | Reached skill level 2 in Shields
   564 | D:4      | Reached skill level 2 in Unarmed Combat
   564 | D:4      | Reached skill level 2 in Evocations
   631 | D:5      | Entered Level 5 of the Dungeon
   649 | D:5      | Noticed an ice beast
   654 | D:5      | Killed an ice beast
   654 | D:5      | Reached XP level 7. HP: 28/50 MP: 3/15
   810 | D:5      | Reached skill level 2 in Hexes
   810 | D:5      | Reached skill level 2 in Charms
   810 | D:5      | Reached skill level 2 in Summonings
   810 | D:5      | Reached skill level 2 in Necromancy
   810 | D:5      | Reached skill level 2 in Translocations
   810 | D:5      | Reached skill level 2 in Transmutations
   810 | D:5      | Reached skill level 2 in Ice Magic
   810 | D:5      | Reached skill level 2 in Air Magic
   810 | D:5      | Reached skill level 2 in Earth Magic
   810 | D:5      | Reached skill level 2 in Poison Magic
   835 | D:5      | Reached skill level 3 in Conjurations
   961 | D:5      | Reached skill level 5 in Stealth
   961 | D:5      | Reached skill level 3 in Invocations
   975 | D:5      | Found a staircase to the Ecumenical Temple.
   983 | D:5      | Reached XP level 8. HP: 36/57 MP: 9/16
   992 | Temple   | Entered the Ecumenical Temple
  1016 | Temple   | Became a worshipper of Cheibriados the Contemplative
  1088 | D:6      | Reached skill level 6 in Fire Magic
  1198 | D:7      | Noticed a hippogriff
  1210 | D:7      | Killed a hippogriff
  1210 | D:7      | Reached skill level 3 in Fighting
  1210 | D:7      | Reached skill level 3 in Short Blades
  1210 | D:7      | Reached skill level 3 in Long Blades
  1210 | D:7      | Reached skill level 3 in Axes
  1210 | D:7      | Reached skill level 3 in Maces & Flails
  1210 | D:7      | Reached skill level 3 in Polearms
  1210 | D:7      | Reached skill level 3 in Staves
  1210 | D:7      | Reached skill level 3 in Slings
  1210 | D:7      | Reached skill level 3 in Bows
  1210 | D:7      | Reached skill level 3 in Crossbows
  1210 | D:7      | Reached skill level 3 in Throwing
  1210 | D:7      | Reached skill level 3 in Armour
  1210 | D:7      | Reached skill level 3 in Shields
  1210 | D:7      | Reached skill level 3 in Unarmed Combat
  1210 | D:7      | Reached skill level 3 in Evocations
  1327 | D:8      | Reached skill level 6 in Spellcasting
  1431 | D:8      | HP: 5/58 [phantom (8)]
  1433 | D:8      | HP: 2/58 [phantom (4)]
  1437 | D:8      | Slain by a phantom

Skill      XL: |  1  2  3  4  5  6  7  8 |
---------------+-------------------------+-----
Conjurations   | 2 3 |  3.5
Spellcasting   | 5 6 |  6.0
Invocations    | 1 2 3 |  3.6
Fighting       | 1 2 3 |  3.3
Short Blades   | 1 2 3 |  3.3
Long Blades    | 1 2 3 |  3.3
Axes           | 1 2 3 |  3.3
Maces & Flails | 1 2 3 |  3.3
Polearms       | 1 2 3 |  3.3
Staves         | 1 2 3 |  3.3
Slings         | 1 2 3 |  3.3
Bows           | 1 2 3 |  3.3
Crossbows      | 1 2 3 |  3.3
Throwing       | 1 2 3 |  3.3
Armour         | 1 2 3 |  3.3
Shields        | 1 2 3 |  3.3
Unarmed Combat | 1 2 3 |  3.3
Evocations     | 1 2 3 |  3.3
Hexes          | 1 2 |  2.7
Charms         | 1 2 |  2.7
Summonings     | 1 2 |  2.7
Necromancy     | 1 2 |  2.7
Translocations | 1 2 |  2.7
Transmutations | 1 2 |  2.7
Ice Magic      | 1 2 |  2.7
Air Magic      | 1 2 |  2.7
Earth Magic    | 1 2 |  2.7
Poison Magic   | 1 2 |  2.7
Dodging        | 5 |  5.7
Stealth        | 5 |  5.4
Fire Magic     | 6 |  6.1

Action                   |  1- 3 |  4- 6 |  7- 9 || total
-------------------------+-------+-------+-------++-------
Melee: Dagger            |    35 |    80 |   166 ||   281
       Bite              |     5 |     6 |    18 ||    29
       Punch             |       |     1 |       ||     1
       War axe           |       |       |     6 ||     6
 Cast: Flame Tongue      |    25 |    15 |    11 ||    51
       Sticky Flame      |       |     4 |    12 ||    16
Evoke: Wand              |       |     4 |     1 ||     5
  Use: Potion            |       |     2 |     1 ||     3
       Scroll            |       |     2 |     4 ||     6
 Stab: Sleeping          |       |     7 |     3 ||    10
  Eat: Ration            |     1 |       |     2 ||     3
Armor: Robe              |     7 |    25 |    31 ||    63
Dodge: Dodged            |    31 |    57 |   120 ||   208

Table legend:
 A = Turns spent in this place as a percentage of turns spent in the entire game.
 B = Non-inter-level travel turns spent in this place as a percentage of non-inter-level travel turns spent in the entire game.
 C = Inter-level travel turns spent in this place as a percentage of turns spent in this place.
 D = Turns resting spent in this place as a percentage of non-inter-level travel turns spent in this place.
 E = Turns spent auto-exploring this place as a percentage of non-inter-level travel turns spent in this place.
 F = Non-inter-level travel turns spent in this place divided by the number of levels of this place that you've seen.
                   A       B       C       D       E      F
               +-------+-------+-------+-------+-------+----------------------
         Total | 100.0 | 100.0 |   1.0 |   0.0 |   0.0 | 158.1
       Dungeon |  97.2 |  98.2 |   0.0 |   0.0 |   0.0 | 174.6
        Temple |   2.8 |   1.8 |  35.0 |   0.0 |   0.0 |  26.0
               +-------+-------+-------+-------+-------+----------------------

Table legend:
 A = Kills in this place as a percentage of kills in entire the game.
 B = Kills by you in this place as a percentage of kills by you in the entire game.
 C = Kills by friends in this place as a percentage of kills by friends in the entire game.
 D = Other kills in this place as a percentage of other kills in the entire game.
 E = Experience gained in this place as a percentage of experience gained in the entire game.
 F = Experience gained in this place divided by the number of levels of this place that you have seen.
                   A       B       C       D       E      F
               +-------+-------+-------+-------+-------+----------------------
         Total | 100.0 | 100.0 |   N/A |   N/A | 100.0 | 205.8
       Dungeon | 100.0 | 100.0 |   N/A |   N/A | 100.0 | 231.5
               +-------+-------+-------+-------+-------+----------------------

Vault maps used:
D:1:      ncdulo_wetmaze, minmay_misc_feat_hallway,
          minmay_misc_feat_secret_circle
D:2:      kennysheep_the_goblin_king, dk_noncrumbling_4
D:3:      kennysheep_path_1, uniq_robin
D:4:      kennysheep_mini, serial_shops, nicolae_shop_trees
D:5:      lemuel_crystal_altar, marbit_many_paths, temple_hall, first_ration,
          grunt_ministairs_9
D:6:      cheibrodos_iron_armory, kennysheep_mini_moat
D:7:      cheibrodos_fzero
D:8:      minmay_lair_entry_grove
Temple:   regret_index_temple_mists
